 Dungeon Crawl Stone Soup version 0.28-a0-998-gb9e9c7b67e (webtiles) character file.

Game seed: 1895633039370604791

23 DrunkBamboolord the Shield-Bearer (level 3, 0/29 HPs)
             Began as a Human Fighter on Dec 6, 2021.
             Slain by a goblin (5 damage)
             ... led by Robin
             ... on level 1 of the Dungeon.
             The game lasted 00:01:27 (789 turns).

DrunkBamboolord the Shield-Bearer (Human Fighter)    Turns: 789, Time: 00:01:27

Health: 0/29       AC:  9    Str: 18    XL:     3   Next: 12%
Magic:  3/3        EV:  9    Int:  8    God:
Gold:   24         SH:  4    Dex: 12    Spells: 2/2 levels left

rFire   . . .      SeeInvis .   a - +0 war axe
rCold   . . .      Faith    .   c - +0 buckler
rNeg    . . .      Spirit   .   b - +0 scale mail
rPois   .          Reflect  .   h - +1 helmet
rElec   .          Harm     .   (no cloak)
rCorr   .          Rampage  .   (no gloves)
Will    .....                   (no boots)
Stlth   ..........              (no amulet)
HPRegen 0.09/turn               (no ring)
MPRegen 0.08/turn               (no ring)

@: no status effects
A: no striking features
a: no special abilities


You were on level 1 of the Dungeon.
You visited 1 branch of the dungeon, and saw 2 of its levels.

You collected 24 gold pieces.

Inventory:

Hand Weapons
 a - a +0 war axe (weapon)
Armour
 b - a +0 scale mail (worn)
 c - a +0 buckler (worn)
 h - a +1 helmet (worn)
Scrolls
 g - 2 scrolls of noise
Potions
 d - a potion of might


   Skills:
 * Level 3.3 Fighting
 * Level 2.1 Axes
 * Level 3.3 Armour
 + Level 0.2 Dodging
 * Level 3.3 Shields


You had 2 spell levels left.
You didn't know any spells.
Your spell library contained the following spells:

 Spells                   Type           Power      Damage    Failure   Level
 Corpse Rot               Necr/Air       0%         N/A       92%         2
 Dispel Undead            Necr           0%         3d6       100%        4
 Death Channel            Necr           0%         N/A       100%        6


Dungeon Overview and Level Annotations

Branches:
Dungeon (2/15)

Altars:

Annotations:
D:2 Robin


Message History

You kill the goblin!
Robin throws the goblin at you! The goblin closely misses you.
The goblin hits you but does no damage. The goblin hits you with a +0 club.
An adder comes into view.
The goblin hits you with a +0 dagger. The goblin hits you with a +0 club.
The goblin barely misses you. The goblin hits you with a +0 club.
An endoplasm comes into view.
You have reached level 3!
Your experience leads to an increase in your attributes!
Increase (S)trength, (I)ntelligence, or (D)exterity?
You feel stronger. x2
Okay, then.
You barely miss the goblin.
The endoplasm quivers.
You slash the goblin!
You kill the goblin!
You slash the goblin!
You kill the goblin!
You closely miss the goblin. The goblin closely misses you.
The goblin hits you but does no damage. The goblin hits you with a +0 dagger.
An endoplasm comes into view.
Robin throws the goblin at you! The goblin hits you with a +0 dagger.
The goblin hits you but does no damage.
You see here a +0 club.
Robin roars a battlecry!
The goblins go into a battle-frenzy!
You block the goblin's attack. The goblin barely misses you.
A kobold comes into view. It is wielding a +0 dagger.
Found a chain mail.
The kobold throws a stone.
The stone closely misses you. The goblin closely misses you.
Robin throws the goblin at you!
There is a stone staircase leading up here.
The goblin hits you with a +0 dagger.
* * * LOW HITPOINT WARNING * * *
Robin throws the goblin at you!
* * * LOW HITPOINT WARNING * * *
You climb upwards.
There is a stone staircase leading down here.
The goblin hits you with a +0 dagger.
You die...

#..♣.♣ ♣.♣#..# #...♣♣#♣♣.♣#.##
#.##♣#.♣..♣...# #.####^♣.♣♣...#
#....#.♣.♣....# ##...#..♣.....#
#####...#........#
........#.......g##############
........++......@g............#
........##...##################
.....#####...# .....# #...#
.....# ##### ######


You could see 2 goblins.

Vanquished Creatures
  3 bats (D:1)
  An endoplasm (D:1)
  5 goblins
  3 hobgoblins (D:1)
  3 quokkas (D:1)
  3 ball pythons
  A rat (D:1)
19 creatures vanquished.

Notes
Turn   | Place    | Note
-------+----------+-------------------------------------------
     0 | D:1      | DrunkBamboolord the Human Fighter began the quest for the
                  | Orb.
     0 | D:1      | Reached XP level 1. HP: 18/18 MP: 1/1
   144 | D:1      | Reached XP level 2. HP: 24/24 MP: 2/2
   654 | D:1      | Found a faded altar of an unknown god.
   773 | D:2      | Noticed Robin
   777 | D:2      | Reached XP level 3. HP: 12/29 MP: 3/3
   789 | D:1      | Slain by a goblin

Illustrated notes

Levels and vault maps discovered:
D:1:      psy_arrival_terrarium, layout_basic,
          shapermc_ecumenical_altar_totnotflames
D:2:      layout_basic, basic_altar, uniq_robin

Action                   || total
-------------------------++-------
Melee: War axe           ||    35
  Use: Scroll            ||     3
Armor: Scale mail        ||    19
Dodge: Dodged            ||    22
Block: Buckler           ||    10

Table legend: (Time is in decaauts)
 A = Elapsed time spent in this place.
 B = Non-inter-level travel time spent in this place.
 C = Inter-level travel time spent in this place.
 D = Time resting spent in this place.
 E = Time spent auto-exploring this place.
 F = Levels seen in this place.
 G = Mean time per level.
                   A        B        C        D        E       F      G
               +--------+--------+--------+--------+--------+-----+--------+
         Total |    803 |    777 |     26 |      0 |    663 |   2 |  401.5 |
       Dungeon |    803 |    777 |     26 |      0 |    663 |   2 |  401.5 |
               +--------+--------+--------+--------+--------+-----+--------+

Top non-repeatable levels by time:
     D:1: 781 daAuts
     D:2: 22 daAuts
